 Dungeon Crawl Stone Soup version 0.31-a0-865-g3d5d91748a (webtiles) character file.

Game seed: 8645523739075741570

46208 Getoffmy the Severer (level 14, 0/118 HPs)
             Began as a Demonspawn Gladiator on Oct 10, 2023.
             Was the Champion of Jiyva.
             Slain by a death yak (5 damage)
             ... on level 5 of the Lair of Beasts.
             The game lasted 00:32:30 (11160 turns).

Getoffmy the Severer (Demonspawn Gladiator)        Turns: 11160, Time: 00:32:31

Health: 0/118      AC: 16    Str: 39    XL:     14   Next: 4%
Magic:  14/14      EV: 18    Int:  8    God:    Jiyva [******]
Gold:   2608       SH:  0    Dex: 12    Spells: 13/13 levels left

rFire   . . .        r - +9 broad axe of Aleabeme {freeze, +Blink Int+2}
rCold   . . .        (no shield)
rNeg    . . .        E - +0 plate armour
rPois   .            (helmet restricted)
rElec   .            m - +2 cloak
rCorr   +            (gloves unavailable)
SInv    .            (no boots)
Will    +++..        l - necklace of Bloodlust {Fury *Rage Will++ Int-3 Slay+6} Stlth
                     A - +6 ring of strength
HPRegen 1.99/turn    B - +6 ring of strength
MPRegen 0.64/turn

%: random rage (50%)
@: mighty, agile, on berserk cooldown, hasted and slowed, studying Axes
A: claws 3, repulsion field 1, ignite blood 1, powered by pain 2, antennae 2,
hooves 1, strong 2, eyeballs 2, evolution 2, tendrils, MP-powered wands
a: Renounce Religion, Evoke Blink, Oozemancy, Slimify


You were on level 5 of the Lair of Beasts.
You worshipped Jiyva.
Jiyva was exalted by your worship.
You visited 2 branches of the dungeon, and saw 16 of its levels.
You also visited: Sewer and Ossuary.

You collected 2698 gold pieces.
You spent 90 gold pieces at shops.

Inventory:

Hand Weapons
 r - the +9 broad axe of Aleabeme (weapon) {freeze, +Blink Int+2}
   (You found it on level 5 of the Dungeon)

   Int+2:     It affects your intelligence (+2).
   +Blink:    It lets you blink.
 O - a +2 quarterstaff of flaming
Missiles
 d - 2 throwing nets (quivered)
 e - 6 javelins
 f - 105 stones
 i - 18 poisoned darts
 o - 9 boomerangs
 q - 3 curare-tipped darts
Armour
 c - a +0 helmet
 m - a +2 cloak (worn)
 E - a +0 plate armour (worn)
Jewellery
 a - a ring of ice
 b - a ring of magical power
 k - a +6 ring of intelligence
 l - the necklace of Bloodlust (around neck) {Fury *Rage Will++ Int-3 Slay+6}
   (You found it on level 2 of the Lair of Beasts)

   [amulet of nothing]

   Fury:      It extends the wearer's berserk rage when killing foes.
   Int-3:     It affects your intelligence (-3).
   Slay+6:    It affects your accuracy & damage with ranged weapons and melee
   (+6).
   Will++:    It greatly increases your willpower.
   *Rage:     It berserks you when you make melee attacks (+50% chance).
 A - a +6 ring of strength (left claw)
 B - a +6 ring of strength (right claw)
Talismans
 M - a maw talisman
Wands
 C - a wand of polymorph (12)
 D - a wand of flame (10)
 I - a wand of roots (2)
Scrolls
 g - 2 scrolls of immolation
 h - 6 scrolls of teleportation
 u - a scroll of enchant armour
 H - a scroll of vulnerability
Potions
 j - a potion of magic
 n - 6 potions of curing
 p - 2 potions of enlightenment
 t - a potion of haste
 w - 3 potions of attraction
 x - a potion of brilliance
 K - a potion of lignification


   Skills:
 + Level 13.0 Fighting
 * Level 16.3 Axes
 - Level 6.2 Staves
 - Level 1.7 Throwing
 - Level 6.3 Armour
 + Level 8.5 Dodging


You had 13 spell levels left.
You didn't know any spells.
Your spell library contained the following spells:

 Spells                   Type           Power      Damage    Failure   Level
 Necrotise                Necr           0%         1d4       94%         1
 Slow                     Hex            0%         N/A       94%         1
 Confusing Touch          Hex            0%         N/A       100%        3
 Sigil of Binding         Hex            0%         N/A       100%        3
 Vampiric Draining        Necr           0%         2d6       100%        3
 Brom's Barrelling Bould  Conj/Erth      0%         2d3       100%        4
 Agony                    Necr           0%         N/A       100%        5
 Fireball                 Conj/Fire      0%         3d3       100%        5
 Iskenderun's Battlesphe  Conj           0%         2d6       100%        5
 Conjure Ball Lightning   Conj/Air       0%         3x3d6     100%        6
 Haunt                    Necr/Summ      0%         N/A       100%        7
 Orb of Destruction       Conj           0%         9d5       100%        7
 Borgnjor's Revivificati  Necr           0%         N/A       100%        8
 Death's Door             Necr           0%         N/A       100%        9


Dungeon Overview and Level Annotations

Branches:
Dungeon (11/15)            Temple (0/1) D:7            Lair (5/5) D:11
  Swamp (0/4) Lair:3        Snake (0/4) Lair:2          Orc (0/2) D:9
  Sewer (visited)         Ossuary (visited)
  Slime: Lair:4-5

Altars:
Cheibriados
Fedhas
Gozag
Hepliaklqana
Kikubaaqudgha
Makhleb
Sif Muna
Trog
Vehumet
Wu Jian
Xom
Yredelemnul
Jiyva

Shops:
D:1 *


Innate Abilities, Weirdness & Mutations

You have claws for hands.
You are surrounded by a mild repulsion field. (EV +2)
Your demonic aura sometimes causes spilled blood to erupt in flames.
You sometimes gain power by taking damage.
You have a pair of antennae on your head.
You have large cloven feet.
Your muscles are very strong. (Str +8, Int/Dex -2)
Your body has grown many eyes which may confuse attackers. (Acc +5)
You have great hidden genetic potential.
You are covered in slimy tendrils that may disarm your opponents.
You expend magic power (3 MP) to strengthen your wands.


Message History

The death yak is engulfed in blazing flames.
Unknown command.
The elephant trumpets!
You slice the death yak!! You freeze the death yak! You kick the death yak.
The death yak is almost dead.
You slash the dream sheep! You freeze the dream sheep.
You hear a roar!
The dream sheep bites you but does no damage.
The death yak gores you!
* * * LOW HITPOINT WARNING * * *
The water moccasin is engulfed in blazing flames.
You barely miss the death yak.
The death yak is almost dead.
You slice the dream sheep!! You freeze the dream sheep.
You kill the dream sheep!
The water moccasin is engulfed in blazing flames. x2
You kill the water moccasin!
The death yak gores you!!
* * * LOW HITPOINT WARNING * * *
You focus on the pain.
You feel very mighty all of a sudden.
You hear a trumpeting!
You slice the death yak!! You freeze the death yak.
You kill the death yak!
You slash the polar bear! You freeze the polar bear.
Unknown command.
You barely miss the death yak.
You kick the death yak, but do no damage.
Unknown command.
You slice the death yak!! You freeze the death yak.
The death yak is heavily wounded.
Unknown command.
You slice the death yak!! You freeze the death yak. You kick the death yak.
The death yak is almost dead.
You closely miss the polar bear. The polar bear bites you!
* * * LOW HITPOINT WARNING * * *
The polar bear claws you but does no damage. x2
The death yak is engulfed in blazing flames.
The death yak gores you.
You die...

.P
P..~~~~~♣..#..†....
.##..~~~≈.~..........
......~~~~~P.#.......
#...~~.~.~..........
...~~~~~~..........
.#....~.♣.P........
#...♣♣..♣♣........
#Yhh...P♣♣#.......
#@#Y....P##.......
###{{{............
#.{..{Y.Y.........
....#................
........{.........^..
.....................
.....#...............
.....................
.........J...........


You could see a death yak and 2 polar bears.

Vanquished Creatures
  Rupert (Lair:1)
  Gastronok (Lair:2)
  6 hydras
  A boulder beetle (Lair:1)
  6 death yaks
  The ghost of soul19 the Fighter, a novice DsFi of Makhleb (D:10)
  A skyshark (Lair:5)
  A lindwurm (Lair:4)
  6 elephants (Lair:4)
  Maurice (D:11)
  10 black mambas
  10 cane toads
  4 rime drakes
  11 komodo dragons
  2 tyrant leeches (Lair:3)
  5 trolls
  2 polar bears
  9 blink frogs
  18 dream sheep
  2 spriggans (D:10)
  2 vampires
  49 yaks
  7 wyverns
  A human (Lair:1)
  2 wraiths
  3 basilisks
  A warg (D:11)
  5 swamp worms
  An acid dragon (D:11)
  3 nagas (Lair:2)
  12 water moccasins
  2 orc warriors
  2 sky beasts
  2 ice beasts
  A black bear (D:6)
  An ogre (D:5)
  A wolf (D:10)
  4 centaurs
  A phantom (D:4)
  12 bullfrogs
  A kobold brigand (D:10)
  A water moccasin zombie (Ossuary)
  2 scorpions
  15 killer bees
  7 howler monkeys
  3 hounds
  3 orc priests (D:11)
  3 iguanas
  A sleepcap (D:5)
  6 orc wizards
  5 hell rats (Lair:3)
  2 mummies (Ossuary)
  4 gnolls (D:4)
  4 adders
  A shadow imp (D:8)
  2 white imps (D:6)
  An ufetubus (D:5)
  6 adder zombies (Ossuary)
  2 dart slugs (D:2)
  27 orcs
  6 giant cockroaches
  4 gnoll zombies (Ossuary)
  5 goblins
  7 hobgoblins
  A quokka (D:3)
  3 ball pythons
  2 bats (D:3)
  4 frilled lizards
  4 hobgoblin zombies (Ossuary)
  12 kobolds
  5 kobold zombies (Ossuary)
  2 orc zombies (Ossuary)
361 creatures vanquished.

Vanquished Creatures (collateral kills)
  A komodo dragon (Lair:1)
  A yak (Lair:1)
  An orc priest (D:5)
  2 adders (D:5)
  A shadow imp (D:5)
  3 orcs (D:5)
9 creatures vanquished.

Vanquished Creatures (others)
  A dream sheep (Lair:3)
  2 water moccasins
  Pargi (Sewer)
  A centaur (D:8)
  A phantom (D:6)
  A bullfrog (Lair:2)
  A killer bee (D:7)
  2 electric eels (Lair:4)
  A sleepcap (D:5)
  33 jellies
  An iguana (D:5)
  2 orc wizards
  An adder (D:4)
  A white imp (D:7)
  4 dart slugs
  A bat (D:4)
  2 endoplasms
  A giant cockroach (D:1)
  A goblin (D:4)
  3 hobgoblins (D:4)
  2 jackals (D:4)
  3 ball pythons
  3 kobolds
69 creatures vanquished.

Grand Total: 439 creatures vanquished

Notes
Turn   | Place    | Note
-------+----------+-------------------------------------------
     0 | D:1      | Getoffmy the Demonspawn Gladiator began the quest for the
                  | Orb.
     0 | D:1      | Reached XP level 1. HP: 16/16 MP: 1/1
   101 | D:1      | You fall into a shaft and drop 1 floor!
   103 | D:2      | Found a faded altar of an unknown god.
   196 | D:2      | Gained mutation: You are surrounded by a mild repulsion
                  | field. (EV +2) [demonic ancestry]
   196 | D:2      | Reached XP level 2. HP: 16/22 MP: 2/2
   204 | D:2      | Prayed at the altar of an unknown god.
   204 | D:2      | Became a worshipper of Jiyva Jiguewik the Shapeless
   204 | D:2      | Reached * piety under Jiyva
   255 | D:1      | Found Lemur's Assorted Antiques.
   728 | D:1      | Reached ** piety under Jiyva
  1021 | D:2      | Reached skill level 1 in Armour
  1021 | D:2      | Reached XP level 3. HP: 28/28 MP: 3/3
  1432 | D:3      | Reached XP level 4. HP: 16/34 MP: 4/4
  1518 | D:3      | Found a burning altar of Makhleb.
  1550 | D:3      | Reached *** piety under Jiyva
  1810 | D:3      | Found a shimmering blue altar of Sif Muna.
  2146 | D:4      | Found a glowing drain.
  2151 | Sewer    | Entered a sewer
  2155 | Sewer    | Gained mutation: You have sharp toenails. [Jiyva's grace]
  2155 | Sewer    | Gained mutation: You have razor-sharp toenails. [Jiyva's
                  | grace]
  2155 | Sewer    | Gained mutation: You have claws for feet. [Jiyva's grace]
  2155 | Sewer    | Gained mutation: You are agile. (Dex +4, Str/Int -1)
                  | [Jiyva's grace]
  2156 | Sewer    | Reached **** piety under Jiyva
  2175 | Sewer    | Killed Pargi
  2359 | D:4      | Gained mutation: You have sharp fingernails. [demonic
                  | ancestry]
  2359 | D:4      | Reached XP level 5. HP: 38/41 MP: 5/5
  2390 | D:4      | Noticed an ice beast
  2413 | D:4      | Killed an ice beast
  2539 | D:4      | Reached XP level 6. HP: 44/47 MP: 6/6
  2555 | D:4      | Reached skill level 5 in Staves
  2815 | D:4      | Found a shimmering altar of Xom.
  3053 | D:4      | Reached ***** piety under Jiyva
  3114 | D:5      | Entered Level 5 of the Dungeon
  3231 | D:5      | Reached XP level 7. HP: 41/54 MP: 7/7
  3382 | D:5      | Found a blossoming altar of Fedhas.
  3459 | D:5      | Lost mutation: You are agile. (Dex +4, Str/Int -1) [Jiyva's
                  | grace]
  3459 | D:5      | Gained mutation: Your body has grown eyes which may confuse
                  | attackers. (Acc +3) [Jiyva's grace]
  3459 | D:5      | Gained mutation: Your body has grown many eyes which may
                  | confuse attackers. (Acc +5) [Jiyva's grace]
  3459 | D:5      | Gained mutation: Your body is covered in eyes which may
                  | confuse attackers. (Acc +7, SInv) [Jiyva's grace]
  3459 | D:5      | Gained mutation: You are robust. (+10% HP) [Jiyva's grace]
  3640 | D:5      | Identified the +9 broad axe of Aleabeme {freeze, +Blink
                  | Int+2}
  4065 | D:6      | Found a sand-covered staircase.
  4074 | Ossuary  | Entered an ossuary
  4131 | Ossuary  | Reached skill level 1 in Axes
  4212 | D:6      | Reached skill level 5 in Fighting
  4212 | D:6      | Reached skill level 2 in Axes
  4212 | D:6      | Gained mutation: You have very sharp fingernails. [demonic
                  | ancestry]
  4212 | D:6      | Reached XP level 8. HP: 68/68 MP: 8/8
  4235 | D:6      | Found an ancient bone altar of Kikubaaqudgha.
  4589 | D:6      | Reached skill level 3 in Axes
  4644 | D:7      | Noticed a troll
  4663 | D:7      | Killed a troll
  4664 | D:7      | Reached skill level 4 in Axes
  4711 | D:7      | Found a radiant altar of Vehumet.
  4735 | D:7      | Found a hazy altar of Hepliaklqana.
  4737 | D:7      | Reached ****** piety under Jiyva
  4773 | D:7      | Reached skill level 5 in Axes
  4802 | D:7      | Reached XP level 9. HP: 73/78 MP: 9/9
  4847 | D:7      | Reached skill level 6 in Axes
  4850 | D:7      | Found Zin's Purification Station.
  4857 | D:7      | Bought a potion of curing for 90 gold pieces
  4875 | D:7      | Found a staircase to the Ecumenical Temple.
  4954 | D:7      | Identified the +3 mace "Wauvos" {antimagic, rF+ Will+
                  | Dex-4}
  5167 | D:8      | Identified 3 scrolls of acquirement
  5167 | D:8      | Acquired 1198 gold pieces
  5212 | D:8      | Lost mutation: Your body is covered in eyes which may
                  | confuse attackers. (Acc +7, SInv) [Jiyva's grace]
  5212 | D:8      | Gained mutation: Your system is resistant to poisons.
                  | (rPois) [Jiyva's grace]
  5212 | D:8      | Gained mutation: You have claws for hands. [Jiyva's grace]
  5212 | D:8      | Lost mutation: You have claws for feet. [Jiyva's grace]
  5212 | D:8      | Lost mutation: You have razor-sharp toenails. [Jiyva's
                  | grace]
  5212 | D:8      | Lost mutation: You have sharp toenails. [Jiyva's grace]
  5212 | D:8      | Gained mutation: You have large cloven feet. [Jiyva's
                  | grace]
  5212 | D:8      | Gained mutation: You have hoof-like feet. [Jiyva's grace]
  5808 | D:9      | Found an ornate altar of the Wu Jian Council.
  5820 | D:9      | Reached skill level 7 in Axes
  5877 | D:9      | Reached skill level 8 in Axes
  5966 | D:9      | Reached XP level 10. HP: 85/88 MP: 10/10
  6161 | D:9      | Found a staircase to the Orcish Mines.
  6212 | D:9      | Found a basalt altar of Yredelemnul.
  6212 | D:9      | Found a bloodstained altar of Trog.
  6276 | D:9      | Found an opulent altar of Gozag.
  6276 | D:9      | Found a snail-covered altar of Cheibriados.
  6372 | D:10     | Entered Level 10 of the Dungeon
  6467 | D:10     | Reached skill level 9 in Axes
  6721 | D:10     | Lost mutation: You have hoof-like feet. [Jiyva's grace]
  6721 | D:10     | Lost mutation: You are robust. (+10% HP) [Jiyva's grace]
  6721 | D:10     | Gained mutation: You have a somewhat thin skeletal
                  | structure. (Dex +2, Stealth+) [Jiyva's grace]
  6721 | D:10     | Gained mutation: You have a moderately thin skeletal
                  | structure. (Dex +4, Stealth++) [Jiyva's grace]
  6721 | D:10     | Gained mutation: You have an unnaturally thin skeletal
                  | structure. (Dex +6, Stealth+++) [Jiyva's grace]
  6721 | D:10     | Gained mutation: You are covered in slimy tendrils that may
                  | disarm your opponents. [Jiyva's grace]
  6725 | D:10     | Found a runed translucent door.
  6727 | D:10     | Identified the +4 spear of Wasoroj {heavy, rF+ rN++}
  6728 | D:10     | Noticed soul19's ghost (novice DsFi)
  6781 | D:10     | Reached skill level 5 in Armour
  7112 | D:10     | Killed soul19's ghost
  7113 | D:10     | Reached skill level 10 in Axes
  7255 | D:11     | Noticed Maurice
  7269 | D:11     | Killed Maurice
  7345 | D:11     | Reached XP level 11. HP: 89/89 MP: 11/11
  7544 | D:11     | Found a staircase to the Lair.
  7619 | Lair:1   | Entered Level 1 of the Lair of Beasts
  7624 | Lair:1   | Reached skill level 11 in Axes
  7659 | Lair:1   | Reached skill level 10 in Fighting
  7713 | Lair:1   | Noticed a boulder beetle
  7725 | Lair:1   | Killed a boulder beetle
  7816 | Lair:1   | Reached skill level 12 in Axes
  7965 | Lair:1   | Found a runed translucent door.
  7986 | Lair:1   | Noticed Rupert
  8295 | Lair:1   | Paralysed by Rupert for 5 turns
  8306 | Lair:1   | Killed Rupert
  8307 | Lair:1   | Gained mutation: You sometimes gain a little power by
                  | taking damage. [demonic ancestry]
  8307 | Lair:1   | Reached XP level 12. HP: 83/99 MP: 12/12
  8445 | Lair:2   | Noticed a five-headed hydra
  8458 | Lair:2   | Killed a five-headed hydra
  8628 | Lair:2   | Reached skill level 5 in Dodging
  8801 | Lair:2   | Found a staircase to the Snake Pit.
  8802 | Lair:2   | Found the necklace of Bloodlust {Fury *Rage Will++ Int-3
                  | Slay+6}
  8946 | Lair:2   | Lost mutation: You have an unnaturally thin skeletal
                  | structure. (Dex +6, Stealth+++) [Jiyva's grace]
  8946 | Lair:2   | Lost mutation: You have a moderately thin skeletal
                  | structure. (Dex +4, Stealth++) [Jiyva's grace]
  8946 | Lair:2   | Lost mutation: You have a somewhat thin skeletal structure.
                  | (Dex +2, Stealth+) [Jiyva's grace]
  8946 | Lair:2   | Lost mutation: Your system is resistant to poisons. (rPois)
                  | [Jiyva's grace]
  8946 | Lair:2   | Gained mutation: You have a pair of small antennae on your
                  | head. [Jiyva's grace]
  8946 | Lair:2   | Gained mutation: You have a pair of antennae on your head.
                  | [Jiyva's grace]
  8946 | Lair:2   | Gained mutation: You have a pair of large antennae on your
                  | head. (SInv) [Jiyva's grace]
  8946 | Lair:2   | Gained mutation: You expend magic power (3 MP) to
                  | strengthen your wands. [Jiyva's grace]
  9119 | Lair:2   | Noticed Gastronok
  9131 | Lair:2   | Killed Gastronok
  9132 | Lair:2   | Reached skill level 13 in Axes
  9582 | Lair:3   | Noticed a four-headed hydra
  9588 | Lair:3   | Killed a four-headed hydra
  9590 | Lair:3   | Noticed a five-headed hydra
  9598 | Lair:3   | Killed a seven-headed hydra
  9608 | Lair:3   | Noticed a six-headed hydra
  9618 | Lair:3   | Killed a six-headed hydra
  9667 | Lair:3   | Found a staircase to the Swamp.
  9782 | Lair:3   | Gained mutation: You sometimes gain power by taking damage.
                  | [demonic ancestry]
  9782 | Lair:3   | Reached XP level 13. HP: 107/107 MP: 13/13
  9857 | Lair:3   | Identified the +6 rapier "Ifemar" {speed, *Noise rElec
                  | Will+++ Str+3}
 10092 | Lair:4   | Reached skill level 14 in Axes
 10177 | Lair:4   | Lost mutation: You have a pair of large antennae on your
                  | head. (SInv) [Jiyva's grace]
 10177 | Lair:4   | Gained mutation: Your muscles are strong. (Str +4, Int/Dex
                  | -1) [Jiyva's grace]
 10177 | Lair:4   | Gained mutation: Your muscles are very strong. (Str +8,
                  | Int/Dex -2) [Jiyva's grace]
 10177 | Lair:4   | Gained mutation: You have hidden genetic potential.
                  | [Jiyva's grace]
 10177 | Lair:4   | Gained mutation: You have great hidden genetic potential.
                  | [Jiyva's grace]
 10863 | Lair:5   | Entered Level 5 of the Lair of Beasts
 10873 | Lair:4   | Acquired a manual of Axes
 10875 | Lair:4   | Acquired 728 gold pieces
 11023 | Lair:5   | Reached skill level 15 in Axes
 11142 | Lair:5   | Reached skill level 16 in Axes
 11154 | Lair:5   | Gained mutation: Your demonic aura sometimes causes spilled
                  | blood to erupt in flames. [demonic ancestry]
 11154 | Lair:5   | Reached XP level 14. HP: 41/118 MP: 14/14
 11160 | Lair:5   | HP: 5/118 [polar bear (10)]
 11160 | Lair:5   | Slain by a death yak

Illustrated notes

Levels and vault maps discovered:
D:1:      heliophobic_arrival_glass_houses, layout_basic, serial_shops, shop
D:2:      layout_rooms, hellmonk_ecumenical_altar_blasted, nrook_mini_vaults
D:3:      layout_basic, led_sif_pool, mainiacjoe_overflow_24_doors
D:4:      minmay_general_purpose_star, layout_basic, tgw_xom,
          portal_sewer_entry_e
D:5:      layout_rooms, lemuel_doored_altar
D:6:      layout_gridville, mainiacjoe_overflow_six_doors_small,
          lightli_ossuary_entry_decrepit_ruins
D:7:      layout_cave_pools, zin_purify, marbit_many_paths,
          mainiacjoe_overflow_small_starburst,
          minmay_temple_entry_statues_pillars
D:8:      layout_basic, minmay_misc_feat_secret_circle
D:9:      layout_rooms, pdpol_wu_jian_five_deadly_venoms,
          amethyst_overflow_temple_binary, gammafunk_temple_overflow_wave,
          orc_david_3, worms_lemuel
D:10:     layout_loops_cross, ebering_ghost_funeral_grove
D:11:     layout_stronghold, erik_lair_orcish_takeover, uniq_maurice, uniq_urug
Lair:1:   layout_misc_corridors, pdpol_lair_cabin_in_the_woods
Lair:2:   layout_cave_pods, minmay_snake_entry_guardpost_small, serial_forest,
          infiniplex_forest_clump_C, infiniplex_forest_clump_curved,
          infiniplex_forest_corner_1, infiniplex_forest_pool,
          infiniplex_forest_end_3, infiniplex_forest_clump_diagonal,
          infiniplex_forest_straight_3, uniq_gastronok
Lair:3:   layout_cave_shapes, palyth_hydra_swamp_entry, lemuel_fruit_tree,
          serial_bayou_shore_b
Lair:4:   layout_gridlike, nicolae_quartered_pool_little, grunt_megastairs_1
Lair:5:   evil_forest, layout_hall_layers, slime_entry_1, serial_bayou_pond_b

Skill      XL: |  1  2  3  4  5  6  7  8  9 10 11 12 13 |
---------------+----------------------------------------+-----
Staves         | 3 4 5 6 |  6.2
Armour         | 1 2 3 5 6 |  6.3
Fighting       | 3 4 5 6 8 9 10 11 13 | 13.0
Axes           | 2 5 8 10 12 13 16 | 16.3
Dodging        | 4 6 8 |  8.5
Throwing       | |  1.7

Action                     |  1- 3 |  4- 6 |  7- 9 | 10-12 | 13-15 || total
---------------------------+-------+-------+-------+-------+-------++-------
  Melee: Quarterstaff      |    88 |   109 |    61 |    14 |     5 ||   277
         Kick              |       |    15 |    54 |   104 |    48 ||   221
         Broad axe         |       |       |   129 |   296 |   127 ||   552
         Punch             |       |       |     2 |     3 |     3 ||     8
  Throw: Throwing net      |       |       |     1 |       |       ||     1
  Evoke: Wand              |       |       |       |       |     1 ||     1
    Use: Potion            |       |     2 |       |     2 |     2 ||     6
         Scroll            |       |     1 |     6 |     1 |    10 ||    18
   Stab: Confused          |       |       |     8 |    12 |     3 ||    23
         Held in net/web   |       |       |     1 |       |       ||     1
         Sleeping          |       |       |       |     2 |       ||     2
 Armour: Leather armour    |    60 |     9 |       |       |       ||    69
         Chain mail        |       |    70 |   190 |   164 |       ||   424
         Plate armour      |       |       |       |    94 |   129 ||   223
  Dodge: Dodged            |    66 |    68 |   141 |   167 |    71 ||   513

Table legend: (Time is in decaauts)
 A = Elapsed time spent in this place.
 B = Non-inter-level travel time spent in this place.
 C = Inter-level travel time spent in this place.
 D = Time resting spent in this place.
 E = Time spent auto-exploring this place.
 F = Levels seen in this place.
 G = Mean time per level.
                   A        B        C        D        E       F      G
               +--------+--------+--------+--------+--------+-----+--------+
         Total |  11415 |  10994 |    421 |   1009 |   7387 |  18 |  634.2 |
       Dungeon |   7473 |   7170 |    303 |    360 |   5164 |  11 |  679.4 |
          Lair |   3678 |   3560 |    118 |    649 |   2150 |   5 |  735.6 |
         Sewer |    110 |    110 |      0 |      0 |     68 |   1 |  110.0 |
       Ossuary |    152 |    152 |      0 |      0 |      4 |   1 |  152.0 |
               +--------+--------+--------+--------+--------+-----+--------+

Top non-repeatable levels by time:
  Lair:4: 1117 daAuts
  Lair:2: 952 daAuts
     D:4: 941 daAuts
     D:1: 879 daAuts
    D:10: 842 daAuts
  Lair:1: 831 daAuts
     D:6: 773 daAuts
     D:3: 731 daAuts
     D:8: 655 daAuts
  Lair:3: 628 daAuts
     D:9: 608 daAuts
     D:5: 605 daAuts
     D:7: 528 daAuts
     D:2: 492 daAuts
    D:11: 414 daAuts
